 Dungeon Crawl Stone Soup version 0.16.1 (webtiles) character file.

188 Sixotanaka the Chopper (level 5, -2/45 HPs)
             Began as a Hill Orc Fighter on Mar 28, 2015.
             Was an Initiate of Beogh.
             Killed by divine providence
             ... invoked by an orc priest
              (9 damage)
             ... on level 3 of the Dungeon.
             The game lasted 00:04:24 (2737 turns).

Sixotanaka the Chopper (Hill Orc Fighter)           Turns: 2737, Time: 00:04:24

Health: -2/45      AC:  9    Str: 25    XL:     5   Next: 67%
Magic:  5/5        EV:  7    Int:  8    God:    Beogh [......]
Gold:   148        SH: 10    Dex: 10    Spells: 0 memorised, 4 levels left

rFire  . . .     SeeInvis .     a - +0 war axe
rCold  . . .     Clarity  .     b - +0 scale mail
rNeg   . . .     SustAb   .     c - +0 shield
rPois  +         Gourm    .     (no helmet)
rElec  .         Spirit   .     f - +0 cloak
rCorr  .         Warding  .     (no gloves)
rMut   .         Stasis   .     g - +0 pair of boots
MR     .....                    k - amulet of rage
Stlth  ..........               (no ring)
                                q - ring of poison resistance

@: mighty, not resistant to hostile enchantments, extremely unstealthy
A: no striking features
a: Renounce Religion, Evoke Berserk Rage


You were on level 3 of the Dungeon.
You worshipped Beogh.
Beogh was noncommittal.
You were not hungry.

You visited 1 branch of the dungeon, and saw 4 of its levels.

You collected 148 gold pieces.


   Skills:
 - Level 3.6 Fighting
 + Level 7.5 Axes
 - Level 3.2 Armour
 - Level 3.2 Shields


You had 4 spell levels left.
You didn't know any spells.

Dungeon Overview and Level Annotations

Branches:
Dungeon (4/15)
 Temple: D:4-7

Altars:
Gozag

Annotations:
D:3 Purgy

Inventory:

Hand weapons
 a - a +0 war axe (weapon)
Missiles
 n - 7 tomahawks (quivered)
 p - 23 stones
Armour
 b - a +0 scale mail (worn)
 c - a +0 shield (worn)
 f - a +0 cloak (worn)
 g - a +0 pair of boots (worn)
Jewellery
 k - an amulet of rage (around neck)
 q - a ring of poison resistance (left hand)
 v - a +5 ring of intelligence {unknown}
Scrolls
 h - 2 scrolls of fear {unknown}
 i - a scroll of enchant weapon {unknown}
 l - 3 scrolls of identify {unknown}
 o - a scroll of recharging {unknown}
 t - 2 scrolls of blinking {unknown}
Potions
 j - a potion of resistance {unknown}
 s - a potion of haste {unknown}
 u - 3 potions of ambrosia {unknown}
 w - a potion of beneficial mutation {unknown}
 x - a potion of curing {unknown}
 A - a potion of restore abilities {unknown}
 C - a potion of heal wounds {unknown}
Books
 y - a book of Party Tricks
Comestibles
 d - 3 meat rations
 m - 2 bread rations
 r - 3 beef jerkies
 z - a slice of pizza
 B - 4 chunks of flesh

. .. . . #..........
. .. .#. #####...###
#.#. ... #...# ###.#.
..# #...# ..... #.#
###.##...# ... #.#
... ...##
##.#.####.##.# # #
#............##.#
#..#.#.@........# #..
#.#ooo....####....###
# r.#...........+
+... .###.......##..#
#..# ## #.......# ##
# . ####.##.# #.. ...
.# #.# #.##.. #. #.#
.## .


You could see 2 orc priests and an orc.


Message History

A bat and a rat come into view.
You see here a hobgoblin corpse.
You butcher the hobgoblin corpse.
You block the bat's attack.
You see here 2 chunks of flesh.
The bat hits you.
* * * LOW HITPOINT WARNING * * *
You see here a goblin corpse.
You block the bat's attack.
There is a stone staircase leading down here.
You closely miss the bat. The bat hits you but does no damage.
The rat bites you but does no damage.
Your shield and scale mail prevent you from hitting the rat.
You block the bat's attack. The rat bites you but does no damage.
You hit the rat!
You kill the rat!
Beogh accepts your kill.
You hit the bat.
You kill the bat!
Beogh accepts your kill.
B - 4 chunks of flesh (gained 2)
You see here a goblin corpse.
You butcher the goblin corpse.
B - 6 chunks of flesh (gained 2)
You start resting.
Some of the chunks of flesh in your inventory have rotted away.
You start resting.
There is a stone staircase leading down here.
A giant newt comes into view.
Things that are here:
a dagger; a bat corpse You butcher the bat corpse.
Things that are here:
a dagger; a chunk of flesh You closely miss the giant newt.
You block the giant newt's attack.
You hit the giant newt!
You kill the giant newt!
Beogh accepts your kill.
No target in view!
There is a stone staircase leading down here.
You climb downwards.
An orc comes into view. It is wielding a whip.
You block the orc priest's attack.
There is a stone staircase leading up here.
You hit the orc priest. You block the orc priest's attack.
You hit the orc priest but do no damage.
The orc priest barely misses you.
Some of the chunks of flesh in your inventory have rotted away.
You completely miss the orc priest.
You hit the orc priest but do no damage.
The orc priest invokes the aid of Beogh against you.
Something smites you!
The orc priest hits you but does no damage.
You closely miss the orc priest. You hit the orc priest.
You block the orc priest's attack.
The orc priest calls down the wrath of Beogh upon you.
Something smites you!
The orc priest calls down the wrath of Beogh upon you.
Pain shoots through your body! The orc hits you but does no damage.
The orc priest mumbles some strange prayers to Beogh against you.
Something smites you!
* * * LOW HITPOINT WARNING * * *
You climb upwards.
Level annotation: Purgy
There is a stone staircase leading down here.
Drink which item? (? for menu, Esc to quit)
You feel very mighty all of a sudden. The orc priest closely misses you.
You block the orc's attack.
The orc priest invokes the aid of Beogh against you.
Something smites you!
You die...

Action                   |  1- 3 |  4- 6 || total
-------------------------+-------+-------++-------
Melee: War axe           |   117 |   139 ||   256
Invok: Convert to Beogh  |       |     1 ||     1
  Use: Potion            |       |     1 ||     1
  Eat: Chunk             |     1 |     5 ||     6

Vault maps used:
D:1:      lightli_arrival_windingriver, supply_closet_lemuel
D:2:      old_standard_altar, grunt_decor_cap
D:3:      minitemple, first_bread, gup_sewer_entry_bowl,
          kennysheep_generic_room_15, uniq_purgy, uniq_crazy_yiuf_cottage
D:4:      trog_hazing_becter

Notes
Turn   | Place    | Note
--------------------------------------------------------------
     0 | D:1      | Sixotanaka, the Hill Orc Fighter, began the quest for the Orb.
     0 | D:1      | Reached XP level 1. HP: 19/19 MP: 1/1
   141 | D:1      | Reached skill level 3 in Axes
   165 | D:1      | Reached XP level 2. HP: 24/26 MP: 2/2
   310 | D:1      | Reached skill level 4 in Axes
   860 | D:2      | Reached XP level 3. HP: 31/31 MP: 3/3
   915 | D:2      | Reached skill level 5 in Axes
  1310 | D:2      | Reached XP level 4. HP: 30/39 MP: 4/4
  1433 | D:2      | Reached skill level 6 in Axes
  1436 | D:2      | Found an opulent altar of Gozag.
  1741 | D:3      | Reached XP level 5. HP: 38/45 MP: 5/5
  1932 | D:3      | Noticed Purgy
  2003 | D:4      | Reached skill level 7 in Axes
  2390 | D:4      | Became a worshipper of Beogh the Brigand
  2735 | D:4      | HP: 7/45 [orc priest/divine providence (16)]
  2737 | D:3      | Killed from afar by an orc priest

Vanquished Creatures
  A worker ant (D:4)
  3 gnolls (D:2)
  6 adders
  A worm (D:2)
  2 giant geckos (D:4)
  2 orcs (D:3)
  A ball python (D:1)
  5 bats
  7 goblins
  14 hobgoblins
  3 jackals (D:1)
  4 kobolds
  A quokka (D:3)
  3 giant cockroaches
  6 giant newts
  A jackal skeleton (D:4)
  10 rats
70 creatures vanquished.

Vanquished Creatures (others)
  A hobgoblin (D:4)
1 creature vanquished.

Grand Total: 71 creatures vanquished
